 Dungeon Crawl Stone Soup version 0.28-a0-1038-g9c4cb8273d (webtiles) character file.

Game seed: 10356738940953728169

23 siradein the Skirmisher (level 2, -1/27 HPs)
             Began as a Draconian Fighter on Dec 8, 2021.
             Slain by an adder (3 damage)
             ... on level 2 of the Dungeon.
             The game lasted 00:01:44 (1202 turns).

siradein the Skirmisher (Draconian Fighter)         Turns: 1202, Time: 00:01:44

Health: -1/27      AC:  4    Str: 18    XL:     2   Next: 75%
Magic:  2/2        EV: 12    Int:  8    God:
Gold:   0          SH:  4    Dex: 10    Spells: 1/1 levels left

rFire   . . .      SeeInvis .   a - +0 flail
rCold   . . .      Faith    .   b - +0 buckler
rNeg    . . .      Spirit   .   (armour unavailable)
rPois   .          Reflect  .   (helmet restricted)
rElec   .          Harm     .   (no cloak)
rCorr   .          Rampage  .   (no gloves)
Will    .....                   (no boots)
Stlth   +.........              (no amulet)
HPRegen 0.09/turn               (no ring)
MPRegen 0.08/turn               (no ring)

@: lethally poisoned (-1 -> -7)
A: AC +4, unfitting armour, cold-blooded
a: no special abilities


You were on level 2 of the Dungeon.
You visited 1 branch of the dungeon, and saw 2 of its levels.

Inventory:

Hand Weapons
 a - a +0 flail (weapon)
Armour
 b - a +0 buckler (worn)
Scrolls
 f - a scroll of summoning {unknown}
 g - a scroll of identify {unknown}
Potions
 c - a potion of might
 d - a potion of haste {unknown}
 e - a potion of flight {unknown}


   Skills:
 + Level 3.6 Fighting
 + Level 2.3 Maces & Flails
 + Level 2.9 Dodging
 + Level 0.4 Stealth
 + Level 3.2 Shields


You had one spell level left.
You didn't know any spells.
Your spell library contained the following spells:

 Spells                   Type           Power      Damage    Failure   Level
 Animate Skeleton         Necr           0%         N/A       43%         1
 Pain                     Necr           0%         1d4       43%         1
 Vampiric Draining        Necr           0%         2d6       82%         3


Dungeon Overview and Level Annotations

Branches:
Dungeon (2/15)

Altars:


Innate Abilities, Weirdness & Mutations

Your plain brown scales are hard. (AC +4)
You cannot fit into any form of body armour.
You are cold-blooded and may be slowed by cold attacks.


Message History

The adder poisons you!
You closely miss the adder.
You feel sick. The adder barely misses you.
The adder bites you but does no damage.
You closely miss the adder.
You feel sick. The adder bites you. The adder closely misses you.
You barely miss the adder.
You feel sick. The adder closely misses you.
You barely miss the adder.
You feel sick.
You are no longer poisoned.
The adder barely misses you. x2
You barely miss the adder.
Your tail-slap misses the adder.
The adder barely misses you. The adder bites you but does no damage.
You miss the adder. The adder bites you.
You barely miss the adder. The adder barely misses you.
The adder bites you but does no damage.
You barely miss the adder.
Your tail-slap misses the adder.
You block the adder's attack. The adder closely misses you.
You hit the adder but do no damage. The adder misses you.
You closely miss the adder. The adder bites you.
You are poisoned.
The adder poisons you! The adder bites you.
You are lethally poisoned!
The adder poisons you!
You are too injured to fight recklessly!
You are too injured to fight recklessly!
You are too injured to fight recklessly!
You hit the adder.
The adder is moderately wounded.
You feel very sick. The adder bites you but does no damage.
The adder bites you.
* * * LOW HITPOINT WARNING * * *
You hit the adder but do no damage.
The adder is moderately wounded.
* * * LOW HITPOINT WARNING * * *
You feel very sick. The adder closely misses you.
You closely miss the adder.
The adder is moderately wounded.
* * * LOW HITPOINT WARNING * * *
You feel sick. The adder barely misses you. The adder bites you.
You die...

.##
.##.#. ?.
.#..$
..#....
.....##
.?.... ).
#...#.(.#
#S....#
#@# #.###
#.#<#
#.#.#
###.#.#
#.....#
#.#.###
#...#
#####


You could see an adder.

Vanquished Creatures
  4 endoplasms (D:1)
  A giant cockroach (D:1)
  A goblin (D:1)
  A hobgoblin (D:1)
  3 jackals (D:1)
  3 ball pythons (D:1)
  3 bats (D:1)
  2 kobolds (D:1)
  3 rats (D:1)
21 creatures vanquished.

Notes
Turn   | Place    | Note
-------+----------+-------------------------------------------
     0 | D:1      | siradein the Draconian Fighter began the quest for the Orb.
     0 | D:1      | Reached XP level 1. HP: 19/19 MP: 1/1
    19 | D:1      | Found a faded altar of an unknown god.
   324 | D:1      | Reached XP level 2. HP: 26/26 MP: 2/2
  1202 | D:2      | Slain by an adder

Illustrated notes

Levels and vault maps discovered:
D:1:      minmay_arrival_pointy, layout_basic,
          ebering_ecumenical_altar_abandoned
D:2:      layout_basic, basic_altar, grunt_decor_arrowhead

Action                   || total
-------------------------++-------
Melee: Flail             ||    77
       Tailslap          ||     7
Armor: Skin              ||    26
Dodge: Dodged            ||    70
Block: Buckler           ||    14

Table legend: (Time is in decaauts)
 A = Elapsed time spent in this place.
 B = Non-inter-level travel time spent in this place.
 C = Inter-level travel time spent in this place.
 D = Time resting spent in this place.
 E = Time spent auto-exploring this place.
 F = Levels seen in this place.
 G = Mean time per level.
                   A        B        C        D        E       F      G
               +--------+--------+--------+--------+--------+-----+--------+
         Total |   1232 |   1228 |      4 |      0 |   1046 |   2 |  616.0 |
       Dungeon |   1232 |   1228 |      4 |      0 |   1046 |   2 |  616.0 |
               +--------+--------+--------+--------+--------+-----+--------+

Top non-repeatable levels by time:
     D:1: 1198 daAuts
     D:2: 33 daAuts
